 Dungeon Crawl Stone Soup version 0.30-a0-394-g3e4acdb0ae (webtiles) character file.

Game seed: 7610694396898017033

63 ragingrage the Trooper (level 3, -5/33 HPs)
             Began as a Mummy Wanderer on Dec 6, 2022.
             Slain by a gnoll
             ... wielding a +0 halberd
              (11 damage)
             ... on level 2 of the Dungeon.
             The game lasted 00:02:21 (1429 turns).

ragingrage the Trooper (Mummy Wanderer)             Turns: 1429, Time: 00:02:22

Health: -5/33      AC:  9    Str: 21    XL:     3   Next: 87%
Magic:  3/3        EV:  7    Int:  9    God:
Gold:   97         SH:  0    Dex:  9    Spells: 2/2 levels left

rFire   x . .      SeeInvis .    a - +0 halberd
rCold   + . .      Faith    +    (shield currently unavailable)
rNeg    + + +      Spirit   .    d - +0 chain mail
rPois   ∞          Reflect  .    (no helmet)
rElec   .          Harm     .    g - +0 cloak
rCorr   .          Rampage  .    (no gloves)
Will    .....                    (no boots)
Stlth   ..........               (no amulet)
HPRegen 0.25/turn                (no ring)
MPRegen 0.08/turn                (no ring)

@: no status effects
A: cold resistance 1, negative energy resistance 3, torment resistance 2, heat
vulnerability 1, in touch with death 1, no potions, faith
a: no special abilities


You were on level 2 of the Dungeon.
You visited 1 branch of the dungeon, and saw 2 of its levels.

You collected 97 gold pieces.

Inventory:

Hand Weapons
 a - a +0 halberd (weapon)
Missiles
 c - 7 boomerangs (quivered)
Armour
 d - a +0 chain mail (worn)
 g - a +0 cloak (worn)
Scrolls
 b - a scroll of silence
 e - a scroll of fog
 f - a scroll of identify {unknown}


   Skills:
 - Level 5.1 Fighting
 - Level 0.2 Short Blades
 + Level 1.2 Polearms
 - Level 1.5 Throwing
 - Level 1.5 Armour
 - Level 1.0 Stealth
 - Level 1.0 Evocations


You had 2 spell levels left.
You didn't know any spells.
Your spell library contained the following spells:

 Spells                   Type           Power      Damage    Failure   Level
 Magic Dart               Conj           0%         1d3       99%         1
 Call Imp                 Summ           0%         N/A       99%         2
 Mephitic Cloud           Conj/Pois/Air  0%         N/A       100%        3


Dungeon Overview and Level Annotations

Branches:
Dungeon (2/15)

Altars:
Xom


Innate Abilities, Weirdness & Mutations

You are immune to poison.
Your flesh is cold resistant. (rC+)
You are immune to negative energy. (rN+++)
You are immune to unholy pain and torment.
You are vulnerable to heat. (rF-)
You are in touch with the powers of death.
You do not drink.
You have a special connection with the divine. (Faith)


Message History

You are too injured to fight recklessly!
You are too injured to fight recklessly!
You are too injured to fight recklessly!
You are too injured to fight recklessly!
You are too injured to fight recklessly!
You are too injured to fight recklessly!
You are too injured to fight recklessly!
You are too injured to fight recklessly!
You are too injured to fight recklessly!
You are too injured to fight recklessly!
You are too injured to fight recklessly!
You are too injured to fight recklessly!
You are too injured to fight recklessly!
You are too injured to fight recklessly!
You are too injured to fight recklessly!
You are too injured to fight recklessly!
You barely miss the gnoll.
The gnoll is moderately wounded.
The gnoll hits you with a +0 flail.
You barely miss the gnoll.
The gnoll is moderately wounded.
The gnoll closely misses you. The gnoll hits you with a +0 flail.
You barely miss the gnoll.
The gnoll is moderately wounded.
The gnoll closely misses you.
You barely miss the gnoll.
The gnoll is moderately wounded.
The gnoll hits you with a +0 flail.
The gnoll shouts!
You puncture the gnoll!
You kill the gnoll!
The gnoll hits you but does no damage.
The gnoll hits you from afar with a +0 halberd.
Your Polearms skill increases to level 1!
The gnoll hits you with a +0 halberd.
* * * LOW HITPOINT WARNING * * *
Things that are here:
a +0 flail; 5 stones; 14 gold pieces The gnoll hits you from afar with a +0 halberd!
You die...

##.# #########†###
#.# #.# #g# #.# #.#
'. #.#############
#.. #.
##.............#
.##.
#.##..##.....####.#
. .g
#.#...........# #.#
.. #.
#.#..##..._...# #.#
## ..
#.#@####......# #.#
.# #.#.#)# #.....##
#.# #...g.#
####...# #.#
....>..#.# ###.#
#.# #.#.
####.#.#... #.# #.#
#... .. #.#.....
#.# #.# ...# ##
#.#....... #.# #.#
...# #.#.###### #.#
#.# ...# ....# #.#
#.#


You could see a gnoll.

Vanquished Creatures
  3 gnolls (D:2)
  3 endoplasms
  4 giant cockroaches
  3 goblins (D:1)
  2 hobgoblins (D:1)
  3 jackals (D:2)
  A quokka (D:1)
  4 ball pythons (D:1)
  3 bats
  2 frilled lizards (D:2)
  3 kobolds
  A rat (D:1)
32 creatures vanquished.

Notes
Turn   | Place    | Note
-------+----------+-------------------------------------------
     0 | D:1      | ragingrage the Mummy Wanderer began the quest for the Orb.
     0 | D:1      | ragingrage set off with the following items: a +0 dagger, a
                  | scroll of silence, 7 boomerangs, a +0 chain mail, a scroll
                  | of fog.
     0 | D:1      | Reached XP level 1. HP: 19/19 MP: 1/1
   323 | D:1      | Reached XP level 2. HP: 11/26 MP: 2/2
  1193 | D:2      | Found a shimmering altar of Xom.
  1293 | D:2      | Gained mutation: You are in touch with the powers of death.
                  | [Mummy growth]
  1293 | D:2      | Reached XP level 3. HP: 31/32 MP: 3/3
  1367 | D:2      | Reached skill level 5 in Fighting
  1428 | D:2      | Reached skill level 1 in Polearms
  1429 | D:2      | Slain by a gnoll

Illustrated notes

Levels and vault maps discovered:
D:1:      lemuel_arrival_funnel, layout_basic
D:2:      layout_basic, basic_altar, uniq_sigmund

Skill      XL: |  1  2  3 |
---------------+----------+-----
Fighting       | 5 |  5.1
Polearms       | 1 |  1.2
Short Blades   | |  0.2
Throwing       | |  1.5
Armour         | |  1.5
Stealth        | |  1.0
Evocations     | |  1.0

Action                   || total
-------------------------++-------
Melee: Dagger            ||   234
       Punch             ||     2
       Short sword       ||    58
       Halberd           ||    13
Throw: Boomerang         ||     3
Armor: Chain mail        ||   214
Dodge: Dodged            ||   126

Table legend: (Time is in decaauts)
 A = Elapsed time spent in this place.
 B = Non-inter-level travel time spent in this place.
 C = Inter-level travel time spent in this place.
 D = Time resting spent in this place.
 E = Time spent auto-exploring this place.
 F = Levels seen in this place.
 G = Mean time per level.
                   A        B        C        D        E       F      G
               +--------+--------+--------+--------+--------+-----+--------+
         Total |   1432 |   1365 |     67 |     98 |    765 |   2 |  716.0 |
       Dungeon |   1432 |   1365 |     67 |     98 |    765 |   2 |  716.0 |
               +--------+--------+--------+--------+--------+-----+--------+

Top non-repeatable levels by time:
     D:1: 979 daAuts
     D:2: 453 daAuts
